 Dungeon Crawl Stone Soup version 0.29-a0-418-gc0181ea820 (webtiles) character file.

Game seed: 12644840954355797269

22 xian the Firebug (level 2, -1/19 HPs)
             Began as a Demonspawn Fire Elementalist on May 18, 2022.
             Was an Initiate of Okawaru.
             Slain by a worm (11 damage)
             ... on level 2 of the Dungeon.
             The game lasted 00:07:04 (1909 turns).

xian the Firebug (Demonspawn Fire Elementalist)     Turns: 1909, Time: 00:07:04

Health: -1/19      AC:  2    Str:  8    XL:     2   Next: 68%
Magic:  1/5        EV: 13    Int: 16    God:    Okawaru [......]
Gold:   170        SH:  3    Dex: 13    Spells: 4/5 levels left

rFire   . . .      SeeInvis +   (no weapon)
rCold   . . .      Faith    .   i - +0 buckler
rNeg    . . .      Spirit   .   a - +0 robe
rPois   .          Reflect  .   (no helmet)
rElec   .          Harm     .   (no cloak)
rCorr   .          Rampage  .   (no gloves)
Will    .....                   (no boots)
Stlth   ++........              (no amulet)
HPRegen 0.06/turn               h - ring of see invisible
MPRegen 0.09/turn               (no ring)

@: no status effects
A: repulsion field 1
a: Renounce Religion


You were on level 2 of the Dungeon.
You worshipped Okawaru.
Okawaru was noncommittal.
You visited 1 branch of the dungeon, and saw 2 of its levels.

You collected 170 gold pieces.

Inventory:

Armour
 a - a +0 robe (worn)
 i - a +0 buckler (worn)
Jewellery
 h - a ring of see invisible (left hand)
Scrolls
 c - 4 scrolls of identify {unknown}
 f - 2 scrolls of summoning {unknown}
 g - a scroll of noise {unknown}
 j - a scroll of torment {unknown}
 k - a scroll of acquirement {unknown}
Potions
 b - a potion of magic
 d - a potion of mutation {unknown}
 e - a potion of flight {unknown}
 l - a potion of curing {unknown}


   Skills:
 + Level 0.2 Fighting
 + Level 2.0 Dodging
 + Level 1.8 Stealth
 + Level 2.2 Spellcasting
 + Level 1.1 Conjurations
 + Level 3.2 Fire Magic


You had 4 spell levels left.
You knew the following spells:

 Your Spells              Type           Power      Damage    Failure   Level
a - Foxfire               Conj/Fire      32%        2x1d5     12%         1

Your spell library contained the following spells:

 Spells                   Type           Power      Damage    Failure   Level
 Scorch                   Fire           24%        2d6       11%         2
 Conjure Flame            Conj/Fire      8%         6-21      34%         3
 Inner Flame              Hex/Fire       6%         N/A       38%         3
 Flame Wave               Conj/Fire      8%         2d5       75%         4


Dungeon Overview and Level Annotations

Branches:
Dungeon (2/15)

Altars:
Okawaru


Innate Abilities, Weirdness & Mutations

You are surrounded by a mild repulsion field. (EV +2)


Message History

The foxfire hits the worm but does no damage.
The worm is lightly wounded.
Your magical contamination has completely faded away.
Found a hand axe.
Found a hunting sling.
You miscast Foxfire.
You are very lightly contaminated with residual magic.
Nothing appears to happen.
You conjure some foxfire!
The foxfire hits the worm.
The worm is lightly wounded.
The foxfire hits the worm.
The worm is lightly wounded.
You hit the worm.
The worm is moderately wounded.
You barely miss the worm.
The worm is moderately wounded.
The worm bites you.
Your magical contamination has completely faded away.
You see here a +0 hand axe.
Things that are here:
a +0 hunting sling; 4 gold pieces
Found a ring mail.
You see here a +0 ring mail.
You conjure some foxfire!
The foxfire hits the worm.
The worm is moderately wounded.
You conjure some foxfire!
The foxfire hits the worm.
The worm is moderately wounded.
The foxfire hits the worm.
The worm is heavily wounded.
The foxfire hits the worm.
The worm is heavily wounded.
You hit the worm but do no damage.
The worm is heavily wounded.
You hit the worm but do no damage.
The worm is heavily wounded.
The worm bites you!
Ouch! That really hurt!
You die...

#.##.#w#####
#.##.#.....#
#.##.#####.#
#.# #.# #w#
#.# #.# #.#
#.#####.#
#......w#
######.@#
#[.# #..#
#.## #.# #.#
#.# #.# #.#


You could see a worm.

Vanquished Creatures
  A dart slug (D:1)
  2 ball pythons (D:1)
  2 endoplasms (D:1)
  A giant cockroach (D:1)
  2 hobgoblins
  4 jackals (D:1)
  A bat (D:1)
  2 frilled lizards (D:1)
  2 goblins (D:1)
  A rat (D:1)
18 creatures vanquished.

Vanquished Creatures (others)
  51 foxfires
51 creatures vanquished.

Grand Total: 69 creatures vanquished

Notes
Turn   | Place    | Note
-------+----------+-------------------------------------------
     0 | D:1      | xian the Demonspawn Fire Elementalist began the quest for
                  | the Orb.
     0 | D:1      | Reached XP level 1. HP: 13/13 MP: 3/3
   424 | D:1      | Gained mutation: You are surrounded by a mild repulsion
                  | field. (EV +2) [demonic ancestry]
   424 | D:1      | Reached XP level 2. HP: 17/19 MP: 3/5
   434 | D:1      | Reached skill level 3 in Fire Magic
  1521 | D:2      | Found an iron altar of Okawaru.
  1530 | D:2      | Became a worshipper of Warmaster Okawaru
  1909 | D:2      | Slain by a worm

Illustrated notes

Levels and vault maps discovered:
D:1:      dpeg_arrival_rooms_c, layout_loops_corners, minmay_misc_feat_x
D:2:      layout_loops_ring, basic_altar, st_stairs_5,
          wad_floor_pattern_untrapped, chequers_serial_rivers_micro_c

Skill      XL: |  1  2 |
---------------+-------+-----
Fire Magic     | 3 |  3.2
Dodging        | 2 |  2.0
Fighting       | |  0.2
Stealth        | |  1.8
Spellcasting   | |  2.2
Conjurations   | |  1.1

Action                   || total
-------------------------++-------
Melee: Unarmed           ||    70
       Punch             ||     1
 Cast: Foxfire           ||    30
Armor: Robe              ||    10
Dodge: Dodged            ||    48
Block: Buckler           ||     9

Table legend: (Time is in decaauts)
 A = Elapsed time spent in this place.
 B = Non-inter-level travel time spent in this place.
 C = Inter-level travel time spent in this place.
 D = Time resting spent in this place.
 E = Time spent auto-exploring this place.
 F = Levels seen in this place.
 G = Mean time per level.
                   A        B        C        D        E       F      G
               +--------+--------+--------+--------+--------+-----+--------+
         Total |   1910 |   1865 |     45 |     32 |   1335 |   2 |  955.0 |
       Dungeon |   1910 |   1865 |     45 |     32 |   1335 |   2 |  955.0 |
               +--------+--------+--------+--------+--------+-----+--------+

Top non-repeatable levels by time:
     D:1: 1518 daAuts
     D:2: 391 daAuts
